 Dungeon Crawl Stone Soup version 0.21.1-1-g345015f (webtiles) character file.

44095 Monsterracer the Grappler (level 13, 0/154 HPs)
             Began as a Demonspawn Fighter on Feb 11, 2018.
             Was the Champion of Cheibriados.
             Succumbed to a black mamba's poison
             ... on level 6 of the Lair of Beasts on Feb 12, 2018.
             The game lasted 00:26:03 (17792 turns).

Monsterracer the Grappler (Demonspawn Fighter)     Turns: 17792, Time: 00:26:04

Health: 0/154      AC: 26    Str: 38    XL:     13   Next: 94%
Magic:  5/22       EV:  2    Int: 25    God:    Cheibriados [******]
Gold:   878        SH: 21    Dex: 28    Spells: 1/12 levels left

rFire    . . .     SeeInvis .     - Unarmed
rCold    + . .     Gourm    .   w - +0 large shield
rNeg     + + +     Faith    .   (armour currently unavailable)
rPois    +         Spirit   +   (helmet currently unavailable)
rElec    .         Reflect  .   (cloak currently unavailable)
rCorr    .         Harm     .   (gloves currently unavailable)
MR       .....     NoTele   +   (boots currently unavailable)
Stlth    ++........             B - amulet of regeneration
HPRegen  0.75/turn              E - ring of protection from cold {!d}
MPRegen  0.36/turn              M - +2 ring of strength

@: lethally poisoned (0 -> 0), tree-form, slowed, very slow
A: repulsion field 2, magic shield, magic regeneration, magic link, rot immunity
a: Bend Time, Temporal Distortion, Slouch, Step From Time, Renounce Religion


You were on level 6 of the Lair of Beasts.
You worshipped Cheibriados.
Cheibriados was exalted by your worship.
You were hungry.
You were a tree.
You visited 3 branches of the dungeon, and saw 18 of its levels.
You also visited: Sewer.

You collected 878 gold pieces.

Inventory:

Hand Weapons
 b - a +0 scimitar of flaming
Missiles
 y - a throwing net (quivered)
Armour
 g - a +0 ring mail of poison resistance
 s - a +1 cloak (melded)
 v - a +0 helmet (melded)
 w - a +0 large shield (worn)
 A - a +0 plate armour
 H - the +0 pair of boots "Voxocod" (melded) {*Slow rCorr Str+10}
   (You found it on level 9 of the Dungeon)

   It affects your strength (+10).
   It protects you from acid and corrosion.
   It may slow you when you take damage.
 K - a cursed +0 chain mail (melded)
Jewellery
 B - an amulet of regeneration (around neck)
 E - a ring of protection from cold (left branch) {!d}
 M - a +2 ring of strength (right branch)
 N - an uncursed ring of wizardry
Wands
 e - a wand of disintegration (13)
 n - a wand of flame (62)
 q - a wand of polymorph (15)
 z - a wand of acid (23)
 D - a wand of enslavement (3)
 G - a wand of digging (4)
 J - a wand of paralysis (23)
Scrolls
 a - 7 scrolls of remove curse
 j - 10 scrolls of teleportation
 k - 3 scrolls of fog
 p - 4 scrolls of blinking
 r - 4 scrolls of magic mapping {!r}
 x - 7 scrolls of identify
 C - 2 scrolls of fear {!r}
Potions
 d - 2 potions of magic
 h - a potion of brilliance
 i - 3 potions of heal wounds
 l - 5 potions of curing
 m - 4 potions of mutation {!q}
 o - 3 potions of flight
 u - a potion of cancellation
 F - 2 potions of might
 L - a potion of agility
Books
 I - a book of Unlife

   Spells                             Type                      Level
   a - Recall                         Summoning/Translocation      3
   b - Animate Dead                   Necromancy                   4
   c - Borgnjor's Vile Clutch         Necromancy/Earth             5
   d - Death Channel                  Necromancy                   6
   e - Simulacrum                     Ice/Necromancy               6
Comestibles
 c - 26 rations


   Skills:
 + Level 10.1 Fighting
 - Level 2.0 Long Blades
   Level 2.7 Axes
 + Level 9.4 Armour
 - Level 3.9 Dodging
 - Level 1.0 Stealth
 + Level 9.2 Shields
 * Level 13.0 Unarmed Combat
 + Level 12.0 Invocations


You had one spell level left.
You knew the following spells:

 Your Spells              Type           Power        Failure   Level  Hunger
a - Conjure Flame         Conj/Fire      #.......     97%         3    ####...
d - Borgnjor's Vile Clut  Necr/Erth      #.........   100%        5    ######.
j - Regeneration          Chrm/Necr      #.........   97%         3    ####...


Dungeon Overview and Level Annotations

Branches:
Dungeon (11/15)            Temple (1/1) D:6            Lair (6/6) D:11
  Swamp (0/4) Lair:3       Spider (0/4) Lair:4        Slime (0/5) Lair:5
    Orc: D:9-12

Altars:
Ashenzari
Cheibriados
Dithmenos
Elyvilon
Fedhas
Gozag
Hepliaklqana
Kikubaaqudgha
Makhleb
Nemelex Xobeh
Okawaru
Qazlal
Ru
Sif Muna
Trog
Uskayaw
Vehumet
Wu Jian
Xom
Yredelemnul
Zin
The Shining One
Jiyva

Shops:
D:4 [   D:5 =   D:10 *


Innate Abilities, Weirdness & Mutations

((You have very sharp fingernails.))
You are surrounded by a moderate repulsion field. (EV +3)
When hurt, damage is shared between your health and your magic reserves.
You regenerate magic rapidly.
When low on magic, you restore magic in place of health.
You are immune to rotting.


Message History

You scratch the guardian serpent but do no damage.
You feel sick.
You block the guardian serpent's attack.
You take 1 damage, and have 9/103 hp.
You mangle the guardian serpent!!
The guardian serpent is heavily wounded.
You feel sick.
The guardian serpent coils itself and waves its upper body at you.
You feel yourself slow down.
You scratch the guardian serpent but do no damage.
The guardian serpent is heavily wounded.
You feel sick.
The guardian serpent casts a spell at you.
You feel as though you will be slow longer.
The guardian serpent casts a spell at you.
You feel as though you will be slow longer.
You take 1 damage, and have 8/103 hp.
You regained 2 mp, and now have 13/22 mp.
You closely miss the guardian serpent.
The guardian serpent is heavily wounded.
You feel sick.
The guardian serpent closely misses you.
You block the guardian serpent's attack.
You scratch the guardian serpent.
The guardian serpent is heavily wounded.
You feel sick.
You block the guardian serpent's attack.
The guardian serpent misses you.
You take 1 damage, and have 7/103 hp.
You claw the guardian serpent!
The guardian serpent is almost dead.
You feel sick.
You block the guardian serpent's attack.
The guardian serpent hits you.
You take 1 damage, and have 6/103 hp.
You now have 12/22 mp.
You closely miss the guardian serpent.
The guardian serpent is almost dead.
You feel sick.
The guardian serpent coils itself and waves its upper body at you.
The bolt of poison hits you!
You are lethally poisoned!
* * * LOW HITPOINT WARNING * * *
The guardian serpent hits you but does no damage.
You hear an angry hiss.
You take 3 damage, and have 3/103 hp.
You now have 7/22 mp.
You closely miss the guardian serpent.
The guardian serpent is almost dead.
* * * LOW HITPOINT WARNING * * *
You feel sick.
The guardian serpent hits you but does no damage.
You block the guardian serpent's attack.
A black mamba comes into view.
You take 1 damage, and have 2/103 hp.
You regained 2 mp, and now have 9/22 mp.
You feel better.
The guardian serpent hits you but does no damage.
The black mamba bites you but does no damage.
You block the guardian serpent's attack.
The black mamba bites you!
* * * LOW HITPOINT WARNING * * *
You are poisoned.
The black mamba poisons you!
You now have 3/22 mp.
You don't have enough magic at the moment.
You are feeling hungry.
You mangle the guardian serpent!!
You kill the guardian serpent!
Cheibriados thoroughly appreciates the change of pace.
You feel sick. The black mamba bites you. You block the black mamba's attack.
You take 1 damage, and have 2/103 hp.
Unknown command.
You scratch the black mamba but do no damage.
* * * LOW HITPOINT WARNING * * *
You feel sick. You block the black mamba's attack. x2
You take 1 damage, and have 1/103 hp.
Okay, then.
You feel better. You block the black mamba's attack. x2
The black mamba bites you!
* * * LOW HITPOINT WARNING * * *
You are poisoned.
The black mamba poisons you!
You regained 2 hp, and now have 3/103 hp.
You now have 1/22 mp.
You turn into a tree.
Your +1 cloak melds into your body.
Your +0 helmet melds into your body.
The +0 pair of boots "Voxocod" {*Slow rCorr Str+10} melds into your body.
Your cursed +0 chain mail melds into your body.
Your roots penetrate the ground.
You feel sick. You block the black mamba's attack. x2
You now have 2/154 hp.
Unknown command.
You thrash the black mamba!!!
You kill the black mamba!
Cheibriados thoroughly appreciates the change of pace.
You feel sick.
You take 1 damage, and have 1/154 hp.
You regained 2 mp, and now have 4/22 mp.
You cannot move.
You start resting.
You die...

.$# ##..##..## #....
...## ##....##S..##
#......#....##
#......##....##
.PP...P.#...PP#
P......P##††P##
#....♣.†.###
#.....†..#P#
#........$.## ###
##..........# P#..#
##...........#
.....#####............#
.....P.#..............#
#........#P............
....[...####...........


There were no monsters in sight!

Vanquished Creatures
  Rupert (Lair:5)
  5 hydras
  Fannar (D:10)
  Erica (D:8)
  2 centaur warriors (D:10)
  Nergalle (D:10)
  An unseen horror (D:10)
  Pikel (D:4)
  2 wolf spiders
  5 black mambas
  A guardian serpent (Lair:6)
  A molten gargoyle (Lair:2)
  A torpor snail (Lair:2)
  14 spiny frogs
  2 komodo dragons (Lair:5)
  2 rime drakes
  A demonic crawler (Lair:4)
  A troll (D:10)
  2 polar bears
  A troll (shapeshifter) (D:10)
  A hornet (Lair:6)
  5 blink frogs (Lair:2)
  A slime creature (D:10)
  11 dream sheep
  5 hippogriffs
  A shadow (D:10)
  A redback (Lair:6)
  45 yaks
  A fire elemental (Lair:2)
  2 fire bats (Lair:2)
  3 wyverns
  Grum (D:8)
  3 basilisks
  3 swamp worms (Lair:3)
  Edmund (D:4)
  12 water moccasins
  3 ice beasts
  13 porcupines
  2 orc warriors
  2 hornet zombies
  Purgy (Sewer)
  3 sky beasts
  6 necrophages (Lair:2)
  17 wolves
  11 centaurs
  An eye of draining (shapeshifter) (D:10)
  9 ogres
  4 boggarts (Lair:4)
  9 crocodiles
  3 big kobolds
  A gnoll sergeant (D:10)
  19 bullfrogs
  6 scorpions
  15 wights
  An electric eel (Lair:3)
  7 crimson imps
  2 centaur zombies
  4 hounds
  A quasit (D:9)
  A bullfrog zombie (D:6)
  6 orc priests
  9 orc wizards
  Crazy Yiuf (D:4)
  3 jellies
  2 centaur skeletons (D:7)
  2 iguanas
  Natasha (D:4)
  10 worker ants
  A hound zombie (D:5)
  2 worker ant zombies
  23 gnolls
  A howler monkey skeleton (D:5)
  5 adders
  A shadow imp (D:6)
  An ooze (D:2)
  An adder zombie (D:7)
  2 adder skeletons
  2 worms
  2 dart slugs
  7 leopard geckos
  26 orcs
  3 ball pythons
  14 giant cockroaches
  9 goblins
  14 hobgoblins
  10 jackals
  5 quokkas
  6 bats
  7 frilled lizards
  22 kobolds
  9 rats
490 creatures vanquished.

Vanquished Creatures (others)
  A porcupine (Lair:5)
  An ogre (D:4)
  9 fungi
  15 plants
26 creatures vanquished.

Grand Total: 516 creatures vanquished

Notes
Turn   | Place    | Note
-------+----------+-------------------------------------------
     0 | D:1      | Monsterracer the Demonspawn Fighter began the quest for the Orb.
     0 | D:1      | Reached XP level 1. HP: 18/18 MP: 1/1
   230 | D:1      | Gained mutation: You are surrounded by a mild repulsion field. (EV +2) [demonic ancestry]
   230 | D:1      | Reached XP level 2. HP: 24/24 MP: 2/2
   679 | D:1      | HP: 9/24 [gnoll/flail (14)]
   688 | D:1      | Gained mutation: When hurt, damage is shared between your health and your magic reserves. [demonic ancestry]
   688 | D:1      | Reached XP level 3. HP: 11/29 MP: 3/3
   692 | D:1      | HP: 10/29 [kobold/dagger (2)]
  1496 | D:2      | Found a snail-covered altar of Cheibriados.
  1751 | D:2      | Reached skill level 1 in Dodging
  1751 | D:2      | Gained mutation: You have sharp fingernails. [demonic ancestry]
  1751 | D:2      | Reached XP level 4. HP: 35/35 MP: 4/4
  2011 | D:2      | Reached skill level 1 in Unarmed Combat
  2015 | D:2      | HP: 17/35 [gnoll (6)]
  2017 | D:2      | Reached skill level 2 in Unarmed Combat
  2020 | D:2      | HP: 15/35 [gnoll/spear (3)]
  2022 | D:2      | Gained mutation: You are immune to rotting. [demonic ancestry]
  2022 | D:2      | Reached XP level 5. HP: 17/41 MP: 3/5
  2025 | D:2      | HP: 10/41 [gnoll/spear (7)]
  2031 | D:2      | HP: 5/41 [gnoll/spear (3)]
  2042 | D:2      | HP: 3/41 [gnoll/spear (3)]
  2439 | D:2      | Became a worshipper of Cheibriados the Contemplative
  2537 | D:2      | HP: 20/41 [gnoll (4)]
  2539 | D:2      | Reached skill level 3 in Unarmed Combat
  3202 | D:3      | Reached * piety under Cheibriados
  3240 | D:3      | Found a glowing drain.
  3263 | Sewer    | Entered a sewer
  3336 | Sewer    | Noticed Purgy
  3353 | Sewer    | HP: 20/41 [Purgy (2)]
  3356 | Sewer    | Killed Purgy
  3356 | Sewer    | Reached skill level 4 in Unarmed Combat
  3356 | Sewer    | Gained mutation: You are surrounded by a moderate repulsion field. (EV +3) [demonic ancestry]
  3356 | Sewer    | Reached XP level 6. HP: 19/47 MP: 1/6
  4081 | D:4      | Found a blossoming altar of Fedhas.
  4114 | D:4      | HP: 20/47 [ogre/giant club (7)]
  4117 | D:4      | Reached ** piety under Cheibriados
  4117 | D:4      | Reached skill level 5 in Unarmed Combat
  4358 | D:4      | Noticed Edmund
  4367 | D:4      | Killed Edmund
  4367 | D:4      | Reached skill level 1 in Invocations
  4367 | D:4      | Gained mutation: You have very sharp fingernails. [demonic ancestry]
  4367 | D:4      | Reached XP level 7. HP: 45/52 MP: 4/7
  4419 | D:4      | Found a runed door.
  4586 | D:4      | Noticed Pikel
  4605 | D:4      | Killed Pikel
  4605 | D:4      | Reached skill level 6 in Unarmed Combat
  4605 | D:4      | Reached XP level 8. HP: 50/60 MP: 5/10
  4983 | D:4      | Found Ciwe's Antique Armour Shop.
  5171 | D:4      | Noticed Natasha
  5183 | D:4      | Killed Natasha
  5489 | D:4      | Noticed Crazy Yiuf
  5499 | D:4      | Killed Crazy Yiuf
  5602 | D:5      | Entered Level 5 of the Dungeon
  5693 | D:5      | Found a burning altar of Makhleb.
  5771 | D:5      | Found a shattered altar of Ashenzari.
  5816 | D:5      | Learned a level 3 spell: Conjure Flame
  6289 | D:5      | Found Qecokezuna's Jewellery Shop.
  6518 | D:5      | Reached skill level 7 in Unarmed Combat
  6518 | D:5      | Reached XP level 9. HP: 59/67 MP: 10/12
  6714 | D:6      | Reached *** piety under Cheibriados
  6844 | D:6      | Reached skill level 5 in Fighting
  6877 | D:6      | Found a shattered altar of Ashenzari.
  7042 | D:6      | Got a polished short sword
  7103 | D:6      | Reached skill level 5 in Invocations
  7719 | D:6      | Found a staircase to the Ecumenical Temple.
  7738 | Temple   | Entered the Ecumenical Temple
  7987 | D:7      | Reached skill level 5 in Armour
  8381 | D:7      | Reached **** piety under Cheibriados
  8381 | D:7      | Reached skill level 5 in Shields
  8554 | D:7      | Reached skill level 8 in Unarmed Combat
  8611 | D:7      | HP: 34/69 [poisoned by an orc]
  8616 | D:7      | HP: 24/69 [poisoned by an orc]
  8621 | D:7      | HP: 17/69 [poisoned by an orc]
  8626 | D:7      | HP: 9/69 [poisoned by an orc]
  8631 | D:7      | HP: 5/69 [poisoned by an orc]
  8636 | D:7      | HP: 2/69 [poisoned by an orc]
  8641 | D:7      | HP: 1/69 [poisoned by an orc]
  8646 | D:7      | HP: 1/69 [poisoned by an orc]
  8653 | D:7      | HP: 1/69 [poisoned by an orc]
  9806 | D:8      | Noticed Erica
  9823 | D:8      | HP: 34/69 [Erica/bolt of poison (18)]
  9828 | D:8      | Killed Erica
  9828 | D:8      | Gained mutation: You regenerate magic rapidly. [demonic ancestry]
  9828 | D:8      | Reached XP level 10. HP: 31/76 MP: 6/14
  9828 | D:8      | HP: 31/76 [poisoned by Erica (bolt of poison)]
  9834 | D:8      | HP: 28/76 [poisoned by Erica (bolt of poison)]
  9839 | D:8      | HP: 28/76 [poisoned by Erica (bolt of poison)]
  9845 | D:8      | HP: 29/76 [poisoned by Erica (bolt of poison)]
  9853 | D:8      | HP: 32/76 [poisoned by Erica (bolt of poison)]
  9858 | D:8      | HP: 34/76 [poisoned by Erica (bolt of poison)]
  9864 | D:8      | HP: 37/76 [poisoned by Erica (bolt of poison)]
 10111 | D:8      | Found an iron altar of Okawaru.
 10231 | D:8      | Reached ***** piety under Cheibriados
 10281 | D:8      | Noticed Grum
 10290 | D:8      | Reached skill level 1 in Long Blades
 10312 | D:8      | Killed Grum
 10334 | D:8      | Found a hazy altar of Hepliaklqana.
 10821 | D:9      | Reached skill level 9 in Unarmed Combat
 10923 | D:9      | Found an iron altar of Okawaru.
 11241 | D:9      | Got a pair of brightly glowing boots
 11514 | D:10     | Entered Level 10 of the Dungeon
 11557 | D:10     | Found Lahuogew's Assorted Antiques.
 11582 | D:10     | Gained mutation: When low on magic, you restore magic in place of health. [demonic ancestry]
 11582 | D:10     | Reached XP level 11. HP: 73/83 MP: 14/16
 11649 | D:10     | Killed an unseen horror
 11803 | D:10     | Reached ****** piety under Cheibriados
 11825 | D:10     | Noticed Nergalle
 11826 | D:10     | Noticed a centaur warrior
 11826 | D:10     | Noticed a centaur warrior
 11827 | D:10     | Noticed a wolf spider
 11834 | D:10     | Killed a centaur warrior
 11844 | D:10     | Killed a centaur warrior
 11859 | D:10     | Killed Nergalle
 11859 | D:10     | Reached skill level 10 in Unarmed Combat
 11864 | D:10     | Killed a wolf spider
 11867 | D:10     | HP: 42/84 [poisoned by a wolf spider]
 11872 | D:10     | HP: 39/84 [poisoned by a wolf spider]
 11878 | D:10     | HP: 39/84 [poisoned by a wolf spider]
 11885 | D:10     | HP: 40/84 [poisoned by a wolf spider]
 11890 | D:10     | HP: 40/84 [poisoned by a wolf spider]
 11898 | D:10     | HP: 40/84 [poisoned by a wolf spider]
 11904 | D:10     | HP: 39/84 [acid (3)]
 11912 | D:10     | HP: 39/84 [poisoned by a wolf spider]
 11917 | D:10     | HP: 41/84 [poisoned by a wolf spider]
 12311 | D:10     | Learned a level 3 spell: Regeneration
 12468 | D:10     | Noticed Fannar
 12489 | D:10     | HP: 41/86 [Fannar/bolt of cold (7)]
 12497 | D:10     | Killed Fannar
 12614 | D:10     | Reached skill level 1 in Stealth
 12783 | D:11     | Found a staircase to the Lair.
 12828 | Lair:1   | Entered Level 1 of the Lair of Beasts
 12832 | Lair:1   | Noticed a seven-headed hydra
 12838 | Lair:1   | Killed a seven-headed hydra
 12838 | Lair:1   | Reached XP level 12. HP: 59/92 MP: 14/19
 13243 | Lair:1   | Identified the +0 pair of boots "Voxocod" {*Slow rCorr Str+10} (You found it on level 9 of the Dungeon)
 13775 | Lair:2   | Noticed a seven-headed hydra
 13783 | Lair:2   | Reached skill level 11 in Unarmed Combat
 13794 | Lair:2   | HP: 43/93 [seven-headed hydra (6)]
 13796 | Lair:2   | Killed a seven-headed hydra
 13808 | Lair:2   | Reached skill level 10 in Invocations
 13921 | Lair:2   | Noticed a seven-headed hydra
 13930 | Lair:2   | Killed a seven-headed hydra
 14003 | Lair:2   | Learned a level 5 spell: Borgnjor's Vile Clutch
 14023 | Lair:2   | Noticed an eight-headed hydra
 14033 | Lair:2   | Killed an eight-headed hydra
 14781 | Lair:3   | Reached XP level 13. HP: 101/101 MP: 21/21
 14796 | Lair:3   | Reached skill level 12 in Unarmed Combat
 14817 | Lair:3   | Found a burning altar of Makhleb.
 15099 | Lair:3   | Found a staircase to the Swamp.
 16100 | Lair:4   | HP: 50/101 [five-headed hydra[a boggart] (3)]
 16109 | Lair:4   | HP: 34/101 [rime drake/flash freeze[a boggart] (9)]
 16475 | Lair:4   | Found a hole to the Spider Nest.
 16712 | Lair:5   | Found a viscous altar of Jiyva.
 16713 | Lair:5   | Found a staircase to the Slime Pits.
 16867 | Lair:5   | Noticed Rupert
 16882 | Lair:5   | Killed Rupert
 17386 | Lair:5   | Reached skill level 10 in Fighting
 17675 | Lair:6   | Entered Level 6 of the Lair of Beasts
 17738 | Lair:6   | HP: 44/103 [spiny frog (8)]
 17740 | Lair:6   | Reached skill level 13 in Unarmed Combat
 17743 | Lair:6   | HP: 35/103 [poisoned by a wolf spider]
 17748 | Lair:6   | HP: 31/103 [poisoned by a wolf spider]
 17753 | Lair:6   | HP: 28/103 [poisoned by a wolf spider]
 17759 | Lair:6   | HP: 25/103 [poisoned by a wolf spider]
 17764 | Lair:6   | HP: 24/103 [poisoned by a wolf spider]
 17770 | Lair:6   | HP: 25/103 [poisoned by a wolf spider]
 17775 | Lair:6   | HP: 28/103 [poisoned by a wolf spider]
 17775 | Lair:6   | HP: 11/103 [guardian serpent (10)]
 17780 | Lair:6   | HP: 8/103 [poisoned by a guardian serpent (bolt of poison)]
 17784 | Lair:6   | HP: 3/103 [guardian serpent/bolt of poison (3)]
 17788 | Lair:6   | HP: 1/103 [poisoned by a black mamba]
 17792 | Lair:6   | Succumbed to a black mamba's poison

Skill      XL: |  1  2  3  4  5  6  7  8  9 10 11 12 13 |
---------------+----------------------------------------+-----
Axes           | 2 |  2.7
Armour         | 3 4 5 6 7 8 9 |  9.4
Shields        | 3 4 5 6 7 8 9 |  9.2
Dodging        | 1 2 3 |  3.9
Unarmed Combat | 2 4 5 6 7 8 9 10 11 13 | 13.0
Invocations    | 1 2 4 6 7 9 10 12 | 12.0
Fighting       | 4 6 8 9 10 | 10.1
Long Blades    | 2 |  2.0
Stealth        | 1 |  1.0

Action                   |  1- 3 |  4- 6 |  7- 9 | 10-12 | 13-15 || total
-------------------------+-------+-------+-------+-------+-------++-------
Melee: War axe           |   123 |    61 |       |       |       ||   184
       Unarmed           |       |   177 |   374 |   675 |   388 ||  1614
       Scimitar          |       |       |       |    43 |       ||    43
Invok: Temporal Distorti |       |       |     1 |       |       ||     1
       Slouch            |       |       |       |     1 |     3 ||     4
       Bend Time         |       |       |       |     3 |     2 ||     5
  Use: Scroll            |       |    10 |     8 |     2 |     3 ||    23
       Potion            |       |     6 |       |       |     3 ||     9
  Eat: Chunk             |     3 |     3 |     7 |     9 |     7 ||    29
       Ration            |       |     1 |     1 |       |       ||     2
Armor: Scale mail        |    20 |       |       |       |       ||    20
       Ring mail         |    32 |    46 |    36 |       |       ||   114
       Plate armour      |       |       |    22 |   156 |       ||   178
       Chain mail        |       |       |       |    63 |   102 ||   165
Dodge: Dodged            |    59 |    97 |   117 |   327 |   123 ||   723
Block: Shield            |    62 |   123 |   167 |   441 |       ||   793
       Large shield      |       |       |       |   282 |   463 ||   745
       Rpst.: Scimitar   |       |       |       |     6 |       ||     6

Vault maps used:
D:1:      lightli_arrival_windingriver
D:2:      nicolae_overflow_crystal_walls, minmay_box_of_dots
D:3:      portal_sewer_entry_f
D:4:      serial_shops, shop, hex_medium, minmay_misc_feat_square,
          fedhas_altar_1, uniq_crazy_yiuf_cottage, uniq_natasha, uniq_edmund,
          uniq_pikel
D:5:      first_ration, serial_shops, nicolae_shop_behind_doors, basic_altar,
          columned_hall_lemuel, minmay_misc_feat_pillars,
          makhleb_heckhound_becter
D:6:      cheibrodos_ashenzari_chains, minmay_temple_entry_fiery
D:7:      grunt_ogre_cave, serial_bayou_pond_a
D:8:      old_standard_altar, okawaru_altar_gauntlet_db, uniq_erica, uniq_grum
D:9:      basic_altar
D:10:     serial_shops, shop, minivault_28, uniq_fannar, uniq_nergalle
D:11:     lair_entry_dummy, david_orc_2, serial_bayou_pond_e, nooodl_orcs_dogs
Temple:   regret_index_temple_mists
Lair:2:   roderic_carrion_pond
Lair:3:   nicolae_swamp_entry_splash_gauntlet, lemuel_centaur_altar,
          serial_bayou_shore_a
Lair:4:   nicolae_spider_entry_non_spiders, kilobyte_rumbling_trees,
          lemuel_fruit_tree
Lair:5:   dpeg_slime_entry_enclosed_altar, grunt_megastairs_4,
          infiniplex_staircase_pool_2, uniq_rupert
Lair:6:   hangedman_lair_caniforms_friends, hangedman_lair_tendril_chambers,
          patterned_corridor
Sewer:    sewer_co_purgy_island
